 Dungeon Crawl Stone Soup version 0.19.0-19-g8c6edcc (webtiles) character file.

285 mopl the Sneak (level 6, -6/32 HPs)
             Began as a Spriggan Wanderer on Nov 13, 2016.
             Mangled by Natasha (10 damage)
             ... on level 2 of the Dungeon.
             The game lasted 00:03:32 (1646 turns).

mopl the Sneak (Spriggan Wanderer)                  Turns: 1646, Time: 00:03:32

Health: -6/32      AC:  2    Str:  8    XL:     6   Next: 7%
Magic:  7/7        EV: 18    Int: 12    God:
Gold:   107        SH:  0    Dex: 15    Spells: 1 memorised, 4 levels left

rFire  . . .     SeeInvis +     a - +2 shortbow
rCold  . . .     Gourm    .     e - +0 robe
rNeg   . . .     Faith    .     (shield currently unavailable)
rPois  .         Spirit   .     (helmet restricted)
rElec  x         Reflect  .     (no cloak)
rCorr  .         Harm     .     (gloves unavailable)
MR     +....                    (boots unavailable)
Stlth  +++.......               (no amulet)
                                (no ring)
                                m - -4 ring of dexterity (curse)

@: slowed, quick
A: unfitting armour, see invisible, herbivore 3, speed 3, slow metabolism 2,
electricity vulnerability
a: no special abilities


You were on level 2 of the Dungeon.
You were not hungry.

You visited 1 branch of the dungeon, and saw 2 of its levels.

You collected 107 gold pieces.

Inventory:

Hand Weapons
 a - a +2 shortbow (weapon)
 b - a +0 dagger of venom
 c - a +0 hand axe
 o - a +0 hunting sling
 u - a +0 dagger
Missiles
 f - 16 arrows (quivered)
 p - 49 sling bullets
 r - 83 stones
 s - 12 poisoned needles
Armour
 e - a +0 robe (worn)
Jewellery
 m - a cursed -4 ring of dexterity (left hand)
Scrolls
 i - 3 scrolls of identify {unknown}
 k - a scroll of amnesia {unknown}
 n - 5 scrolls of teleportation {unknown}
 t - 2 scrolls of recharging {unknown}
 y - a scroll of remove curse {unknown}
Potions
 d - 2 potions of curing
 h - a potion of might {unknown}
 j - a potion of brilliance {unknown}
 l - 2 potions of magic {unknown}
 q - a potion of flight {unknown}
 v - 3 potions of haste {unknown}
 w - a potion of berserk rage {unknown}
Books
 x - a book of Cantrips

   Spells                             Type                      Level
   a - Confusing Touch                Hexes                        1
   b - Animate Skeleton               Necromancy                   1
   c - Summon Small Mammal            Summoning                    1
   d - Apportation                    Translocation                1
Comestibles
 g - 3 bread rations


   Skills:
 - Level 2.4 Fighting
 * Level 4.0 Short Blades
 - Level 1.0 Axes
 - Level 2.4 Bows
 + Level 2.3 Throwing
 - Level 3.0 Dodging
 * Level 6.7 Stealth


You had 4 spell levels left.
You knew the following spells:

 Your Spells              Type           Power        Failure   Level  Hunger
a - Apportation           Tloc           #.........   34%         1    ##.....


Dungeon Overview and Level Annotations

Branches:
Dungeon (2/15)

Altars:
Qazlal

Annotations:
D:2 Natasha


Innate Abilities, Weirdness & Mutations

You are very small and have problems with some larger weapons.
You are too small for most types of armour.
You have supernaturally acute eyesight. (SInv)
You are a herbivore.
You cover ground extremely quickly.
You need consume almost no food.
[You are vulnerable to electric shocks.]


Message History

You shoot an arrow. The arrow hits Natasha.
Natasha is almost dead.
The white imp completely misses you. Natasha casts a spell at you.
You resist with almost no effort. The white imp hits you.
The white imp freezes you.
Firing (i - inventory. (,) - cycle):
f - 18 arrows (quivered)
Press: ? - help, Shift-Dir - straight line, f/p - Natasha
Aim: Natasha (almost dead)
You shoot an arrow. The arrow barely misses Natasha.
Natasha mumbles some strange words.
The white imp barely misses you. Natasha claws you! The white imp hits you.
* * * LOW HITPOINT WARNING * * *
The white imp freezes you.
* * * LOW HITPOINT WARNING * * *
Firing (i - inventory. (,) - cycle):
f - 17 arrows (quivered)
Press: ? - help, Shift-Dir - straight line, f/p - Natasha
Aim: Natasha (almost dead)
You shoot an arrow. The arrow closely misses Natasha.
Natasha claws you!
You die...

..........[......#
.......#.....######
..........##....... .
....####........## ..
....##....#..##.####...(
...#†..##.##.##.......((
......#..............(. ...
....#)....###.####..## #.....
.#.........##...@5(# #...##.#
...........###.5.h.###...##.#
....8.......##.###(##....##.#
...8.8.........###.##...###.##
..8._.8....##...)#.##........####
...8.8...........)...............
....8........##.<.)÷...).....###.
.........###......÷..........#.#.
####....># ####..............##.#


You could see Natasha, a crimson imp and a white imp.

Vanquished Creatures
  Sigmund (D:2)
  Jessica (D:2)
  Robin (D:2)
  2 adders (D:2)
  4 dart slugs
  3 giant cockroaches
  13 goblins
  8 hobgoblins
  4 jackals (D:1)
  A quokka (D:2)
  7 bats
  4 frilled lizards
  6 kobolds
  3 rats
58 creatures vanquished.

Vanquished Creatures (others)
  A kobold (D:1)
1 creature vanquished.

Grand Total: 59 creatures vanquished

Notes
Turn   | Place    | Note
-------+----------+-------------------------------------------
     0 | D:1      | mopl the Spriggan Wanderer began the quest for the Orb.
     0 | D:1      | mopl set off with: a +2 shortbow, 28 arrows, a +0 hand axe, a potion of curing, a +0 robe, a +0 dagger, a bread ration
     0 | D:1      | Reached XP level 1. HP: 11/11 MP: 2/2
    79 | D:1      | Reached skill level 1 in Short Blades
    79 | D:1      | Reached XP level 2. HP: 15/16 MP: 3/3
   633 | D:1      | Reached skill level 1 in Throwing
   953 | D:2      | Reached skill level 4 in Stealth
   953 | D:2      | Reached XP level 3. HP: 19/19 MP: 4/4
   985 | D:2      | Reached skill level 2 in Short Blades
   994 | D:2      | Noticed Sigmund
  1032 | D:2      | Killed Sigmund
  1032 | D:2      | Reached skill level 3 in Short Blades
  1032 | D:2      | Reached skill level 2 in Throwing
  1032 | D:2      | Reached skill level 6 in Stealth
  1032 | D:2      | Reached XP level 4. HP: 7/23 MP: 5/5
  1032 | D:2      | Reached XP level 5. HP: 8/27 MP: 6/6
  1294 | D:2      | Noticed Robin
  1325 | D:2      | Killed Robin
  1408 | D:2      | Noticed Jessica
  1423 | D:2      | Killed Jessica
  1423 | D:2      | Reached skill level 4 in Short Blades
  1423 | D:2      | Reached XP level 6. HP: 31/32 MP: 7/7
  1428 | D:2      | Learned a level 1 spell: Apportation
  1441 | D:2      | Found a faded altar of an unknown god.
  1460 | D:2      | Became a worshipper of Qazlal Stormbringer
  1460 | D:2      | Reached * piety under Qazlal
  1501 | D:2      | Fell from the grace of Qazlal
  1635 | D:2      | Noticed Natasha
  1646 | D:2      | Mangled by Natasha

Skill      XL: |  1  2  3  4  5 |
---------------+----------------+-----
Short Blades   | 1 3 4 |  4.0
Throwing       | 1 2 |  2.3
Stealth        | 4 6 |  6.7
Fighting       | |  2.4
Axes           | |  1.0
Bows           | |  2.4
Dodging        | |  3.0

Action                   |  1- 3 |  4- 6 || total
-------------------------+-------+-------++-------
Melee: Dagger            |     8 |       ||     8
 Fire: Shortbow          |    72 |    74 ||   146
Invok: Renounce Religion |       |     1 ||     1
Armor: Robe              |     3 |       ||     3
Dodge: Dodged            |    28 |    13 ||    41
